 Dungeon Crawl Stone Soup version 0.29.0-13-gc9e81de378 (webtiles) character file.

Game seed: 3218701746968124835

1589 H0rd4k the Cudgeller (level 9, -7/67 HPs)
             Began as a Human Artificer on Sept 7, 2022.
             Mangled by an orc warrior
             ... wielding a +0 war axe
              (14 damage)
             ... on level 6 of the Dungeon.
             The game lasted 00:12:26 (8759 turns).

H0rd4k the Cudgeller (Human Artificer)              Turns: 8759, Time: 00:12:27

Health: -7/67      AC:  4    Str: 14    XL:     9   Next: 15%
Magic:  13/13      EV:  2    Int: 15    God:
Gold:   391        SH:  0    Dex: -4 (13) Spells: 14/14 levels left

rFire   . . .      SeeInvis .   l - +3 flail
rCold   . . .      Faith    .   (no shield)
rNeg    . . .      Spirit   .   b - +0 leather armour
rPois   +          Reflect  .   (no helmet)
rElec   .          Harm     .   (no cloak)
rCorr   .          Rampage  .   (no gloves)
Will    .....                   x - +0 pair of boots
Stlth   ..........              (no amulet)
HPRegen 0.21/turn               j - +4 ring of evasion
MPRegen 0.13/turn               y - ring of poison resistance

@: slowed, lost dexterity, very slow
A: no striking features
a: no special abilities


You were on level 6 of the Dungeon.
You visited 1 branch of the dungeon, and saw 7 of its levels.

You collected 391 gold pieces.

Inventory:

Hand Weapons
 l - a +3 flail (weapon)
 w - a +0 mace
Missiles
 v - 10 poisoned darts (quivered)
Armour
 b - a +0 leather armour (worn)
 x - a +0 pair of boots (worn)
Magical Staves
 s - a staff of poison
Jewellery
 c - a ring of willpower
 d - a +6 ring of dexterity
 j - a +4 ring of evasion (left hand)
 y - a ring of poison resistance (right hand)
 B - a +6 ring of dexterity
Scrolls
 a - 3 scrolls of fear {unknown}
 e - 2 scrolls of fog {unknown}
 g - a scroll of blinking {unknown}
 h - a scroll of summoning {unknown}
 i - 6 scrolls of identify {unknown}
 m - 5 scrolls of teleportation {unknown}
 n - a scroll of silence {unknown}
 o - a scroll of acquirement {unknown}
 q - 4 scrolls of noise {unknown}
 A - a scroll of poison {unknown}
Potions
 p - a potion of invisibility
 r - a potion of brilliance
 t - a potion of mutation {unknown}
 u - a potion of cancellation
 z - a potion of haste {unknown}
 C - a potion of flight {unknown}
 D - a potion of curing
 E - a potion of berserk rage {unknown}


   Skills:
 + Level 4.8 Fighting
 - Level 7.0 Maces & Flails
 + Level 1.6 Throwing
 - Level 2.0 Armour
 + Level 4.9 Dodging
 - Level 1.0 Stealth
 * Level 3.2 Spellcasting
 - Level 3.0 Evocations


You had 14 spell levels left.
You didn't know any spells.
Your spell library contained the following spells:

 Spells                   Type           Power      Damage    Failure   Level
 Beastly Appendage        Tmut           4%         N/A       24%         1
 Wereblood                Tmut           2%         N/A       36%         2
 Spider Form              Tmut/Pois      2%         N/A       58%         3


Dungeon Overview and Level Annotations

Branches:
Dungeon (7/15)
 Temple: D:4-7

Altars:
Kikubaaqudgha
Trog
Yredelemnul

Shops:
D:1 [   D:4 *

Annotations:
D:1 exclusion: downstairs
D:2 1 runed translucent door, exclusion: door, Crazy Yiuf, Sigmund
D:3 exclusion: downstairs
D:4 exclusion: downstairs
D:6 exclusion: water moccasin


Message History

The quasit claws you but does no damage.
You sock the quasit!
You kill the quasit!
Unknown command.
The orc warrior is attracted toward you.
An orc warrior is nearby!
The orc warrior hits you with a +0 war axe!
The orc warrior attacks as you move away!
The orc warrior hits you with a +0 war axe!
* * * LOW HITPOINT WARNING * * *
You aren't carrying any items that you can evoke.
Okay, then.
Throw: 2 throwing nets
Press: ? - help, Q - select action, (/) - cycle Shift-Dir - straight line, f - orc warrior
Aim: an orc warrior, wielding a +0 war axe and wearing a +0 chain mail (42% to hit)
You throw a throwing net. The throwing net hits the orc warrior.
The orc warrior is caught in the net!
The orc warrior struggles against the net. x2
You feel less attractive to monsters.
The orc warrior struggles against the net.
The orc warrior struggles against the net. x2
The net rips apart, and the orc warrior comes free!
Throw: throwing net
Press: ? - help, Q - select action, (/) - cycle Shift-Dir - straight line, f/p - orc warrior
Aim: an orc warrior, wielding a +0 war axe and wearing a +0 chain mail (42% to hit)
You throw a throwing net. The throwing net hits the orc warrior.
The orc warrior is caught in the net!
The orc warrior struggles against the net. x2
The orc warrior struggles against the net.
The orc warrior struggles against the net. x2
The orc warrior struggles against the net.
The net rips apart, and the orc warrior comes free!
There is a stone staircase leading up here.
The orc warrior hits you with a +0 war axe!
* * * LOW HITPOINT WARNING * * *
You climb upwards.
Level annotation: exclusion: water moccasin
There is a stone staircase leading down here.
The orc warrior hits you with a +0 war axe!
You die...

#.# #......^..^...^#.# #.###
#.....^.^.....##.# #.#.##
##..............#.#
#####....####...^.^...........###
...(........'....^...............
####.....####........^........###
#.##.## ##.......######.#.# #
#.#### ##.....## ###.#.# # #.#
#####@..## #.....# # #.#
#...>o.## #.#.### # #.# #.####.#
#.#.##### #.# #.####.####
#.#...>.. #.#
#.........####.####### #.#
#.###......†...#
#.#######.##......######
#.......#.###...#.#
#######.#......##.#


You could see an orc warrior.

Vanquished Creatures
  Prince Ribbit (D:6)
  A water moccasin (D:6)
  An ice beast (D:6)
  An ogre (D:5)
  A phantom (D:4)
  A centaur (D:4)
  A necrophage (D:6)
  A scorpion (D:4)
  A jelly (D:7)
  2 quasits (D:7)
  5 hounds
  An orc priest (D:6)
  3 iguanas (D:6)
  An orc wizard (D:6)
  9 gnolls
  3 adders
  A shadow imp (D:7)
  3 white imps (D:7)
  2 worms
  2 dart slugs
  5 orcs
  10 endoplasms
  2 giant cockroaches
  10 goblins
  3 hobgoblins
  3 jackals (D:1)
  8 kobolds
  2 quokkas (D:1)
  5 ball pythons
  3 bats
  3 frilled lizards
  5 rats
100 creatures vanquished.

Vanquished Creatures (collateral kills)
  Menkaure (D:5)
  An orc warrior (D:6)
  A jelly (D:5)
  A gnoll bouda (D:5)
  2 orcs (D:6)
  An endoplasm (D:2)
7 creatures vanquished.

Vanquished Creatures (others)
  An orc priest (D:6)
  An iguana (D:5)
  2 gnolls (D:5)
  2 orcs (D:6)
  4 demonic plants (D:7)
10 creatures vanquished.

Grand Total: 117 creatures vanquished

Notes
Turn   | Place    | Note
-------+----------+-------------------------------------------
     0 | D:1      | H0rd4k the Human Artificer began the quest for the Orb.
     0 | D:1      | Reached XP level 1. HP: 15/15 MP: 1/1
   265 | D:1      | Reached XP level 2. HP: 7/21 MP: 2/2
   910 | D:1      | Reached skill level 1 in Maces & Flails
  1178 | D:2      | Reached XP level 3. HP: 23/26 MP: 3/3
  1673 | D:1      | Found Qaokkux's Antique Armour Shop.
  1875 | D:2      | Noticed Sigmund
  1945 | D:2      | Reached XP level 4. HP: 33/33 MP: 4/4
  2032 | D:2      | Reached skill level 2 in Maces & Flails
  2243 | D:2      | Found a runed translucent door.
  2244 | D:2      | Noticed Crazy Yiuf
  2688 | D:3      | Found a basalt altar of Yredelemnul.
  3288 | D:4      | Noticed a phantom
  3571 | D:4      | Reached XP level 5. HP: 28/39 MP: 5/5
  3712 | D:4      | Reached skill level 3 in Maces & Flails
  4144 | D:4      | Found Asyivil's Assorted Antiques.
  4236 | D:4      | Noticed a centaur
  4238 | D:4      | Killed a centaur
  4239 | D:4      | Reached skill level 4 in Maces & Flails
  4239 | D:4      | Reached XP level 6. HP: 30/46 MP: 6/6
  4830 | D:5      | Entered Level 5 of the Dungeon
  4840 | D:5      | Reached XP level 7. HP: 47/52 MP: 7/7
  5394 | D:5      | Noticed Menkaure
  5405 | D:5      | Killed Menkaure
  5406 | D:5      | Reached skill level 5 in Maces & Flails
  5415 | D:5      | Reached skill level 1 in Spellcasting
  5639 | D:6      | HP: 2/52 [iguana (3)]
  6021 | D:6      | Noticed a water moccasin
  6151 | D:6      | Reached XP level 8. HP: 60/60 MP: 8/10
  6893 | D:5      | Reached skill level 6 in Maces & Flails
  7833 | D:6      | Noticed Prince Ribbit
  7854 | D:6      | Killed Prince Ribbit
  7855 | D:6      | Reached skill level 1 in Throwing
  7867 | D:6      | Reached XP level 9. HP: 43/66 MP: 13/13
  7992 | D:6      | Found an ancient bone altar of Kikubaaqudgha.
  8068 | D:6      | Reached skill level 7 in Maces & Flails
  8275 | D:6      | Found a bloodstained altar of Trog.
  8718 | D:7      | Lost dexterity.
  8759 | D:6      | Mangled by an orc warrior

Illustrated notes

Levels and vault maps discovered:
D:1:      spicycebolla_arrival_xxxplode, layout_loops_ring, serial_shops,
          nicolae_shop_hallway_stairs
D:2:      layout_basic, serial_bayou_pond_b, uniq_crazy_yiuf_cottage,
          uniq_sigmund
D:3:      layout_basic, yredelemnul_altar_generic, nicolae_titane
D:4:      kennysheep_the_goblin_king, layout_basic, serial_shops, shop,
          minmay_hedge_maze, hex_tiny
D:5:      layout_basic, uniq_menkaure
D:6:      layout_loops_corners, mainiacjoe_overflow_tiny_flanked,
          lightli_temple_of_fire, minmay_holes, uniq_prince_ribbit1
D:7:      layout_basic, evilmike_ruin_ashenzari,
          minmay_temple_entry_antechambers, serial_demonic, serial_demonic_g,
          serial_demonic_f, serial_demonic_f, serial_demonic_c, serial_demonic_c

Skill      XL: |  1  2  3  4  5  6  7  8  9 |
---------------+----------------------------+-----
Maces & Flails | 1 2 4 5 6 7 |  7.0
Dodging        | 2 3 4 |  4.9
Fighting       | 2 3 4 |  4.8
Spellcasting   | 1 2 3 |  3.2
Throwing       | 1 |  1.6
Armour         | |  2.0
Stealth        | |  1.0
Evocations     | |  3.0

Action                   |  1- 3 |  4- 6 |  7- 9 || total
-------------------------+-------+-------+-------++-------
Melee: Club              |   129 |    45 |       ||   174
       Punch             |     2 |     1 |     3 ||     6
       Mace              |       |   107 |    54 ||   161
       Flail             |       |       |   167 ||   167
Throw: Dart              |       |       |    14 ||    14
       Throwing net      |       |       |     2 ||     2
Evoke: Wand              |    12 |    11 |    12 ||    35
  Use: Potion            |       |     2 |     6 ||     8
 Stab: Distracted        |     1 |       |       ||     1
Armor: Leather armour    |    29 |    41 |    79 ||   149
       Skin              |       |    17 |       ||    17
Dodge: Dodged            |    90 |    72 |   253 ||   415
